 Dungeon Crawl Stone Soup version 0.31-a0-1093-gadecf41 (webtiles) character file.

Game seed: 8626299967631472969

2317652 DevouringOne the Intangible (level 24, 227/227 HPs)
             Began as a Merfolk Fighter on Nov 28, 2023.
             Was an Initiate of Gozag.
             Escaped with the Orb
             ... and 3 runes!
             The game lasted 01:01:50 (35561 turns).

DevouringOne the Intangible (Merfolk Fighter)      Turns: 35561, Time: 01:01:51

Health: 227/227    AC: 31    Str: 32    XL:     24   Next: 44%
Magic:  23/23      EV: 23    Int:  6    God:    Gozag
Gold:   270        SH:  8    Dex: 13    Spells: 23/23 levels left

rFire   + + .        S - +5 glaive of the Guard {elec, spectral}
rCold   + . .        (shield currently unavailable)
rNeg    + . .        Y - +6 scale mail of the Volcano {-Cast Regen+ Str+5}
rPois   +            g - +2 helmet
rElec   +            G - +0 cloak of Polish {rPois Regen+ rCorr Int+2}
rCorr   +            K - +0 pair of gloves "Xoud" {+Inv rElec rN+}
SInv    .            d - +2 pair of boots of Idoneh Toze {Drain Fly Slay+4 Stlth+}
Will    ++...        c - brooch of Shielding {Spirit SH+8}
Stlth   +            T - ring of protection from cold
HPRegen 2.17/turn    x - ring "Dohotaj" {rF++ rCorr AC+4}
MPRegen 0.18/turn

%: no spellcasting, guardian spirit
@: flying, studying 2 skills
A: (nimble swimmer 2), mertail, dopey 2, strong-willed 1, inability to read
after injury 1, devolution 1
0: Orb of Zot
}: 3/15 runes: decaying, serpentine, silver
a: Renounce Religion, Evoke Invisibility, Potion Petition, Call Merchant, Bribe
Branch


You escaped.
You worshipped Gozag.
Gozag was aware of your devotion.
You visited 10 branches of the dungeon, and saw 48 of its levels.
You visited 1 bazaar.
You visited 1 ziggurat, and saw 6 of its levels.
You also visited: Trove, Sewer, Bailey and Volcano.

You collected 23741 gold pieces.
You spent 10292 gold pieces at shops.
You paid 13179 gold pieces to Gozag.

Inventory:

Hand Weapons
 J - the +9 trident of Big Damage {heavy, rPois Will++}
   (You took it off a deep elf annihilator on level 3 of the Elven Halls)

   rPois:     It protects you from poison Will++: It greatly increases your
   willpower.
 S - the +5 glaive of the Guard (weapon) {elec, spectral}
   (You bought it in a shop on level 1 of the Orcish Mines)
Missiles
 L - a throwing net
Armour
 b - the +0 pair of fencer's gloves {Riposte Dex+3}
   (You found it on level 4 of the Swamp)

   Riposte:   It allows the wearer to riposte with melee weapons, swiftly
   retaliating against missed or blocked melee attacks.
   Dex+3:     It affects your dexterity (+3).
 d - the +2 pair of boots of Idoneh Toze (worn) {Drain Fly Slay+4 Stlth+}
   (You acquired it in a bailey)

   Slay+4:    It affects your accuracy & damage with ranged weapons and melee
   (+4).
   Fly:       It grants you flight.
   Drain:     It drains your maximum health when unequipped.
   Stlth+:    It makes you more stealthy.
 g - a +2 helmet (worn)
 G - the +0 cloak of Polish (worn) {rPois Regen+ rCorr Int+2}
   (You bought it in a shop on level 9 of the Dungeon)

   Int+2:     It affects your intelligence (+2).
   rPois:     It protects you from poison Regen+: It increases your rate of
   health regeneration.
   rCorr:     It protects you from acid and corrosion.
 K - the +0 pair of gloves "Xoud" (worn) {+Inv rElec rN+}
   (You bought it in a shop on level 2 of the Orcish Mines)

   rElec:     It insulates you from electricity.
   rN+:       It protects you from negative energy.
   +Inv:      It lets you turn invisible.
 Y - the +6 scale mail of the Volcano (worn) {-Cast Regen+ Str+5}
   (You bought it in a shop on level 1 of the Snake Pit)

   Str+5:     It affects your strength (+5).
   -Cast:     It prevents spellcasting.
   Regen+:    It increases your rate of health regeneration.
Jewellery
 c - the brooch of Shielding (around neck) {Spirit SH+8}
   (You found it on level 5 of the Vaults)

   [amulet of guardian spirit]

   Spirit:    It causes incoming damage to be divided between your reserves of
   health and magic.
   SH+8:      It affects your SH (+8).
 k - a ring of protection from fire
 x - the ring "Dohotaj" (right hand) {rF++ rCorr AC+4}
   (You bought it in a shop on level 3 of the Dungeon)

   [ring of protection]

   AC+4:      It affects your AC (+4).
   rF++:      It greatly protects you from fire.
   rCorr:     It protects you from acid and corrosion.
 O - the amulet of Gybri {Will++ Regen+}
   (You bought it in a shop on level 2 of the Orcish Mines)

   [amulet of regeneration]

   Will++:    It greatly increases your willpower.
   Regen+:    It increases your rate of health regeneration.
 T - a ring of protection from cold (left hand)
 V - a ring of see invisible
Wands
 a - a wand of light (19)
 j - a wand of roots (32)
 z - a wand of digging (2)
 B - a wand of charming (69)
Scrolls
 m - 6 scrolls of enchant weapon
 n - 7 scrolls of vulnerability
 o - 14 scrolls of fear
 q - 2 scrolls of butterflies
 s - 9 scrolls of blinking
 u - 19 scrolls of teleportation
 y - 5 scrolls of amnesia
 C - 11 scrolls of fog
 H - 7 scrolls of poison
 I - 6 scrolls of immolation
 Q - a scroll of brand weapon
 U - 3 scrolls of torment
 X - 4 scrolls of enchant armour
Potions
 e - 10 potions of curing
 f - 10 potions of mutation
 h - 5 potions of cancellation
 i - 8 potions of attraction
 p - 4 potions of haste
 r - 2 potions of heal wounds
 v - 6 potions of magic
 w - 11 potions of lignification
 A - 2 potions of invisibility
 D - 7 potions of might
 E - 9 potions of enlightenment
 F - 6 potions of berserk rage
 N - a potion of resistance
 P - 7 potions of brilliance
Miscellaneous
 l - a phial of floods
 t - a lightning rod (4/4)
 M - a phantom mirror
 W - a tin of tremorstones (2/2)


   Skills:
 O Level 27 Fighting
 O Level 27 Polearms
 + Level 16.3 Armour
 O Level 27 Dodging
 - Level 3.0 Shields


You had 23 spell levels left.
You didn't know any spells.
Your spell library contained the following spells:

 Spells                   Type           Power      Damage    Failure   Level
 Foxfire                  Conj/Fire      0%         2x1d4     61%         1
 Freeze                   Ice            0%         1d3       61%         1
 Kiss of Death            Conj/Necr      0%         2d5       61%         1
 Magic Dart               Conj           0%         1d3       61%         1
 Sandblast                Erth           0%         2d4       61%         1
 Blink                    Tloc           0%         N/A       75%         2
 Ensorcelled Hibernation  Hex/Ice        0%         N/A       75%         2
 Lesser Beckoning         Tloc           0%         N/A       75%         2
 Momentum Strike          Conj/Tloc      0%         3d8       75%         2
 Passwall                 Tmut/Erth      0%         N/A       75%         2
 Poisonous Vapours        Pois/Air       0%         N/A       75%         2
 Searing Ray              Conj           0%         2d4       75%         2
 Sublimation of Blood     Necr           0%         N/A       75%         2
 Wereblood                Tmut           0%         N/A       75%         2
 Gell's Gravitas          Tloc           0%         N/A       93%         3
 Hailstorm                Conj/Ice       0%         3d3       93%         3
 Inner Flame              Hex/Fire       0%         N/A       93%         3
 Mephitic Cloud           Conj/Pois/Air  0%         N/A       93%         3
 Stone Arrow              Conj/Erth      0%         3d7       93%         3
 Swiftness                Air            0%         N/A       93%         3
 Teleport Other           Tloc           0%         N/A       93%         3
 Tukima's Dance           Hex            0%         N/A       93%         3
 Volatile Blastmotes      Fire/Tloc      0%         2d10      93%         3
 Animate Armour           Summ/Erth      0%         N/A       100%        4
 Brom's Barrelling Bould  Conj/Erth      0%         2d3       100%        4
 Cause Fear               Hex            0%         N/A       100%        4
 Flame Wave               Conj/Fire      0%         2d4       100%        4
 Fulminant Prism          Conj/Hex       0%         3d5       100%        4
 Iskenderun's Mystic Bla  Conj/Tloc      0%         2d3       100%        4
 Leda's Liquefaction      Hex/Erth       0%         N/A       100%        4
 Passage of Golubria      Tloc           0%         N/A       100%        4
 Sticky Flame             Conj/Fire      0%         2d3       100%        4
 Summon Ice Beast         Ice/Summ       0%         N/A       100%        4
 Summon Lightning Spire   Summ/Air       0%         N/A       100%        4
 Vhi's Electric Charge    Tloc/Air       0%         N/A       100%        4
 Alistair's Intoxication  Tmut/Pois      0%         N/A       100%        5
 Arcjolt                  Conj/Air       0%         1d10      100%        5
 Borgnjor's Vile Clutch   Necr/Erth      0%         N/A       100%        5
 Fireball                 Conj/Fire      0%         3d3       100%        5
 Freezing Cloud           Conj/Ice/Air   0%         6-21      100%        5
 Irradiate                Conj/Tmut      0%         3d11      100%        5
 Lee's Rapid Deconstruct  Erth           0%         3d4*      100%        5
 Metabolic Englaciation   Hex/Ice        0%         N/A       100%        5
 Summon Forest            Summ/Tloc      0%         N/A       100%        5
 Summon Mana Viper        Hex/Summ       0%         N/A       100%        5
 Yara's Violent Unravell  Hex/Tmut       0%         3d3       100%        5
 Bombard                  Conj/Erth      0%         9d1       100%        6
 Conjure Ball Lightning   Conj/Air       0%         3x3d6     100%        6
 Eringya's Noxious Bog    Tmut/Pois      0%         4d6       100%        6
 Plasma Beam              Fire/Air       0%         2x1d10    100%        6
 Starburst                Conj/Fire      0%         6d3       100%        6
 Malign Gateway           Summ/Tloc      0%         N/A       100%        7
 Monstrous Menagerie      Summ           0%         N/A       100%        7
 Summon Hydra             Summ           0%         N/A       100%        7
 Lehudib's Crystal Spear  Conj/Erth      0%         10d2      100%        8
 Summon Horrible Things   Summ           0%         N/A       100%        8
 Dragon's Call            Summ           0%         N/A       100%        9
 Polar Vortex             Ice            0%         N/A       100%        9
 Shatter                  Erth           0%         3d5*      100%        9


Dungeon Overview and Level Annotations

Branches:
Dungeon (15/15)            Temple (1/1) D:6            Lair (5/5) D:9
  Swamp (4/4) Lair:3        Snake (4/4) Lair:3        Slime (0/5) Lair:4
    Orc (2/2) D:12            Elf (3/3) Orc:2        Vaults (5/5) D:14
  Crypt (0/3) Vaults:2     Depths (4/4) D:15            Zot (5/5) Depths:4
  Sewer (visited)          Bailey (visited)         Volcano (visited)

Altars:
Ashenzari
Cheibriados
Dithmenos
Elyvilon
Fedhas
Gozag
Hepliaklqana
Kikubaaqudgha
Makhleb
Nemelex Xobeh
Okawaru
Qazlal
Ru
Sif Muna
Trog
Uskayaw
Vehumet
Wu Jian
Xom
Yredelemnul
Zin
The Shining One
Jiyva

Shops:
D:1 *   D:3 *?(   D:6 :   D:9 *   D:13 :   D:14 [   D:15 [[?[?   Orc:1 (((
Orc:2 =![(   Snake:1 [   Snake:3 ??   Snake:4 !*!   Vaults:1 ?(**:   Vaults:2 !
Vaults:3 (   Depths:1 **   Depths:4 [

Annotations:
Snake:3 2 transporters, Totter's ghost, adept DrSh
Zot:5 Tiamat


Innate Abilities, Weirdness & Mutations

((You are very nimble when in or above water. (Stealth+, EV+, Speed+++)))
Your lower body shifts to a powerful aquatic tail in water.
You are very dopey. (Int -4)
You are strong-willed. (Will+)
You occasionally lose the ability to read scrolls when taking damage.
You have hidden genetic defects.


Message History

The Orb Guardian hits you but does no damage.
You chop the Orb Guardian into pieces!!!
Lightning courses through the Orb Guardian!
The Orb Guardian is almost dead.
Your +5 glaive of the Guard {elec, spectral} hits the Orb Guardian from afar!
You kill the Orb Guardian!
No target in view!
What level of the Dungeon? (default 1, ? - help)
Your +5 glaive of the Guard {elec, spectral} disappears.
Things that are here:
a +0 club; a +0 sling
There is a stone staircase leading up here.
You fly upwards.
There is a stone staircase leading down here.
There is a stone staircase leading up here.
You fly upwards.
There is a stone staircase leading down here.
There is a stone staircase leading up here.
You fly upwards.
There is a stone staircase leading down here.
As you read the scroll of teleportation, it crumbles to dust.
You feel strangely unstable.
You feel the Orb delaying your translocation!
You start waiting.
Your surroundings suddenly seem different.
Blink to where?
Press: ? - help, Q - select action, (/) - cycle Dir - move target
As you read the scroll of blinking, it crumbles to dust.
Blink to where?
Press: ? - help, Q - select action, (/) - cycle Dir - move target
As you read the scroll of blinking, it crumbles to dust.
Aiming: Dig
Press: ? - help, Q - select action, (/) - cycle Shift-Dir - straight line You can't see that place. [the floor.]
The rock shatters into small pieces.
An orange demon comes into view.
The orange demon screeches!
There is a staircase leading out of the dungeon here.
You have escaped!

#####.....####..##########..#....
.......#...................###...
.............#####.#######..#....
......###.##.#####.# ##......
......'.#.##....##.# #.......
......#.#.4.....##.# #....###
......#...#.....##.# #....#
......#####....8.#.# #....#
......# #.....@#.# #####....#
......# #....8...# #........#
####### ##....##.# #........#
#....##.# #........# #....##.#
########## #.#####.# #.# #.##
####### ### #..### #.....#
#############....# #.....#


You could see an orange demon.

Vanquished Creatures
  4 orbs of fire (Zot:5)
  A dread lich (Vaults:5)
  3 ancient liches (Zot:5)
  3 Killer Klowns (Zot:5)
  A curse toe (Zot:5)
  5 golden dragons
  Rupert (Lair:3)
  Mlioglotl (Snake:3)
  7 tentacled monstrosities
  Jorgrun (D:13)
  16 Orb Guardians
  A quicksilver dragon (Vaults:5)
  A deep elf blademaster (Elf:3)
  2 deep elf master archers (Elf:3)
  3 titans (Vaults:5)
  4 sphinxes
  2 death cobs
  10 shadow dragons
  Frances (D:13)
  Agnes (D:14)
  7 storm dragons
  Donald (Vaults:1)
  7 tengu reavers
  2 nagarajas
  Aizul (Elf:3)
  A revenant (Vaults:2)
  2 draconian monks (Zot:5)
  2 fenstrider witches
  13 fire giants
  2 draconian knights (Zot:5)
  22 vault wardens
  5 frost giants
  4 ghouls
  A deep elf sorcerer (Elf:3)
  4 iron dragons
  2 ghost moths (Zot:5)
  A draconian shifter (Zot:5)
  4 deep elf elementalists (Elf:3)
  13 ironbound preservers
  2 draconian scorchers (Zot:1)
  A quicksilver ooze (shapeshifter) (Vaults:5)
  A draconian stormcaller (Depths:4)
  A war gargoyle (Vaults:5)
  10 very ugly things
  4 orc warlords
  A formless jellyfish (Vaults:3)
  6 ironbound thunderhulks
  10 stone giants
  2 deep elf annihilators (Elf:3)
  2 vampire knights (Depths:3)
  An eleionoma (Swamp:3)
  5 red draconians
  4 green draconians
  2 deep elf demonologists (Elf:3)
  A black draconian (Zot:5)
  3 yellow draconians
  7 spark wasps
  4 purple draconians (Zot:3)
  2 bunyips
  Snorg (D:13)
  A crystal guardian (Vaults:3)
  12 ettins
  A deep elf death mage (Elf:3)
  5 fire dragons
  A green death (Depths:3)
  2 shambling mangroves
  3 entropy weavers
  6 great orbs of eyes
  3 deep elf high priests
  14 yaktaur captains
  An ice dragon (Depths:3)
  A salamander tyrant (Snake:3)
  14 hydras
  A rakshasa (Depths:1)
  A hell beast (Depths:1)
  9 ogre magi
  26 vault guards
  4 catoblepae (Lair:5)
  Erolcha (D:13)
  2 ghost crabs (Swamp:2)
  16 centaur warriors
  2 peacekeepers
  2 death knights
  13 anacondas
  15 two-headed ogres
  5 alligators
  8 ironbound frosthearts
  7 dancing weapons
  3 deep troll shamans
  15 naga warriors
  5 boulder beetles
  7 death yaks (Lair:5)
  3 tengu warriors
  3 deep troll earth magi
  A vampire mage (Depths:4)
  2 orc high priests
  4 spriggan berserkers
  2 hell knights (Vaults:5)
  27 naga sharpshooters
  10 shock serpents
  4 deep elf knights
  A skyshark (Lair:5)
  2 sixfirhies
  3 iron trolls
  5 glowing orange brains
  8 salamander mystics
  3 skeletal warriors
  10 bog bodies
  21 deep trolls
  3 spriggan druids
  4 sea snakes (Snake:1)
  11 swamp dragons
  6 naga ritualists
  6 goliath frogs
  A flayed ghost (Depths:4)
  6 deep elf zephyrmancers
  2 arcanists
  2 deep elf archers (Elf:3)
  21 lindwurms
  5 orc knights
  20 ironbound convokers
  10 ugly things
  9 phantasmal warriors
  Pikel (D:7)
  18 mana vipers
  13 deep elf pyromancers
  8 orc sorcerers
  8 spectral spriggans (Swamp:2)
  2 cyclopes
  8 will-o-the-wisps
  A salamander (shapeshifter) (D:14)
  5 manticores
  8 moths of wrath
  29 salamanders
  14 elephants (Lair:5)
  23 naga magi
  19 vault sentinels
  An eye of devastation (Zig:5)
  31 black mambas
  11 guardian serpents
  Maggie (D:7)
  10 cane toads
  2 rime drakes
  2 unseen horrors (D:12)
  A gargoyle (D:11)
  Psyche (D:9)
  49 yaktaurs
  2 kobold blastminers
  4 komodo dragons
  7 freezing wraiths
  An efreet (D:15)
  2 ice devils (Orc:1)
  7 bloated husks
  11 hornets
  A polar bear (Lair:5)
  6 trolls
  7 tyrant leeches
  12 blink frogs
  A shadow (D:10)
  Sigmund (D:3)
  2 air elementals (Elf:2)
  A culicivora (Vaults:4)
  14 slime creatures
  8 spriggans
  3 wraiths
  A vampire (D:14)
  2 water elementals (D:12)
  4 wyverns
  2 fire elementals
  72 yaks
  4 basilisks
  A chaos spawn (D:10)
  A basilisk (shapeshifter) (Elf:3)
  A steam dragon (D:9)
  7 redbacks
  21 vampire mosquitoes
  2 wargs (Orc:1)
  62 nagas
  2 acid dragons (D:11)
  15 swamp worms
  14 water moccasins
  An acid dragon (shapeshifter) (Vaults:5)
  10 swamp drakes
  3 sky beasts (D:7)
  An ice beast (shapeshifter) (Vaults:5)
  An ice beast (D:7)
  5 black bears
  16 ogres
  35 orc warriors
  A boggart (Vaults:1)
  33 wolves
  17 centaurs
  3 kobold brigands
  3 earth elementals (Elf:1)
  9 bullfrogs
  2 gnoll sergeants
  2 scorpions (D:6)
  9 wights
  12 electric eels
  2 howler monkeys
  5 jellies (Lair:4)
  4 hounds
  13 orc priests
  A gnoll bouda (D:8)
  4 iguanas
  3 sleepcaps
  2 hell rats (Lair:5)
  42 orc wizards
  7 adders
  19 gnolls
  9 river rats
  A shadow imp (D:5)
  2 ufetubi (D:7)
  3 worms
  A dart slug (D:3)
  An orc (shapeshifter) (Vaults:5)
  113 orcs
  4 bats (D:2)
  7 endoplasms
  6 giant cockroaches
  20 goblins
  13 hobgoblins
  A jackal (shapeshifter) (Depths:4)
  4 quokkas
  8 ball pythons
  A frilled lizard (D:3)
  17 kobolds
  7 rats
1703 creatures vanquished.

Vanquished Creatures (collateral kills)
  the Lernaean hydra (Swamp:4)
  A golden dragon (Zot:5)
  An electric golem (Zot:5)
  2 Orb Guardians (Zot:5)
  A deep elf demonologist (Elf:3)
  A hydra (Swamp:4)
  A hell beast (Zot:5)
  A deep elf pyromancer (Elf:3)
  A yaktaur (Vaults:1)
  An orc warrior (Orc:2)
11 creatures vanquished.

Vanquished Creatures (others)
  7 Orb Guardians (Zot:5)
  A deep elf blademaster (Elf:3)
  2 draconian knights (Zot:5)
  2 deep elf sorcerers (Elf:3)
  2 deep elf elementalists (Elf:3)
  A draconian stormcaller (Zot:5)
  A black draconian (Zot:5)
  4 deep elf annihilators (Elf:3)
  A white draconian (Zot:5)
  A red draconian (Zot:5)
  2 deep elf death magi (Elf:3)
  3 deep elf high priests (Elf:3)
  An alligator (Swamp:4)
  A vampire mage (Depths:1)
  An occultist (Depths:1)
  2 deep elf zephyrmancers (Elf:3)
  2 deep elf pyromancers (Elf:3)
  A moth of wrath (Zot:1)
  A tormentor (Zot:5)
  3 bloated husks
  A naga (Snake:4)
  An orc wizard (D:6)
  3 orcs
  26 foxfires
  81 spectral weapons
151 creatures vanquished.

Grand Total: 1865 creatures vanquished

Notes
Turn   | Place    | Note
-------+----------+-------------------------------------------
     0 | D:1      | DevouringOne the Merfolk Fighter began the quest for the
                  | Orb.
     0 | D:1      | Reached XP level 1. HP: 18/18 MP: 1/1
   171 | D:1      | Found Wadozem's General Store.
   261 | D:1      | You fall into a shaft and drop 1 floor!
   409 | D:1      | Reached XP level 2. HP: 24/24 MP: 2/2
   873 | D:2      | Reached XP level 3. HP: 30/30 MP: 3/3
   885 | D:2      | Found a faded altar of an unknown god.
  1095 | D:2      | Reached XP level 4. HP: 23/37 MP: 4/4
  1206 | D:2      | Reached skill level 5 in Polearms
  1358 | D:3      | Found Regemasm's Magic Scroll Shop.
  1361 | D:3      | Noticed Sigmund
  1473 | D:3      | Reached XP level 5. HP: 43/43 MP: 5/5
  1517 | D:3      | Bought a scroll of silence for 133 gold pieces
  1533 | D:3      | Killed Sigmund
  1534 | D:3      | Reached skill level 5 in Fighting
  1534 | D:3      | Reached XP level 6. HP: 37/51 MP: 6/6
  1684 | D:3      | Found Jes Zuiru's Weapon Shop.
  1918 | D:3      | Found Plog's Assorted Antiques.
  2055 | D:4      | Found a glowing drain.
  2064 | Sewer    | Entered a sewer
  2113 | Sewer    | Reached XP level 7. HP: 51/56 MP: 7/7
  2742 | D:5      | Entered Level 5 of the Dungeon
  2854 | D:5      | Gained mutation: You are dopey. (Int -2) [potion of
                  | mutation]
  2854 | D:5      | Gained mutation: You are strong-willed. (Will+) [potion of
                  | mutation]
  3153 | D:5      | Reached skill level 10 in Polearms
  3153 | D:5      | Reached XP level 8. HP: 32/65 MP: 8/8
  3493 | D:5      | Noticed a yak
  3494 | D:5      | Noticed a yak
  3494 | D:5      | Noticed a yak
  3494 | D:5      | Noticed a yak
  3494 | D:5      | Noticed a yak
  3497 | D:5      | Noticed a yak
  3501 | D:5      | Killed a yak
  3503 | D:5      | Killed a yak
  3509 | D:5      | Killed a yak
  3512 | D:5      | Killed a yak
  3516 | D:5      | Killed a yak
  3517 | D:5      | Reached XP level 9. HP: 32/74 MP: 9/9
  3717 | D:6      | Found a staircase to the Ecumenical Temple.
  3726 | Temple   | Entered the Ecumenical Temple
  4271 | D:6      | Found Gulofouh's Tiny Tomes.
  4420 | D:7      | Found a stormy altar of Qazlal.
  4421 | D:7      | Noticed Maggie
  4428 | D:7      | Killed Maggie
  4429 | D:7      | Reached XP level 10. HP: 69/83 MP: 10/10
  4498 | D:7      | Found a broken altar of Ashenzari.
  4525 | D:7      | Noticed Pikel
  4532 | D:7      | Killed Pikel
  4533 | D:7      | Reached skill level 15 in Polearms
  4567 | D:7      | Found an opulent altar of Gozag.
  4575 | D:7      | Became a worshipper of Gozag Ym Sagoz the Greedy
  4659 | D:7      | Found a flagged portal.
  4668 | Bailey   | Entered a bailey
  4736 | Bailey   | Reached skill level 10 in Fighting
  4881 | Bailey   | Noticed an orc warlord
  4893 | Bailey   | HP: 3/85 [orc warlord/+6 broad axe (34)]
  4901 | Bailey   | Killed an orc warlord
  5245 | Bailey   | Acquired the +2 pair of boots of Idoneh Toze {Drain Fly
                  | Slay+4 Stlth+}
  5449 | D:3      | Bought a wavering bronze ring for 110 gold pieces
  5449 | D:3      | Identified the ring "Dohotaj" {rF++ rCorr AC+4} (You bought
                  | it in a shop on level 3 of the Dungeon)
  5449 | D:3      | Bought a scroll of identify for 44 gold pieces
  5449 | D:3      | Bought 2 potions of heal wounds for 220 gold pieces
  6734 | D:9      | Reached XP level 11. HP: 93/93 MP: 11/11
  6743 | D:9      | Found a shimmering altar of Xom.
  6802 | D:9      | Found a staircase to the Lair.
  7213 | D:9      | Noticed Psyche
  7218 | D:9      | Killed Psyche
  7415 | D:9      | Found Waucwan's Neck Hole.
  7423 | D:9      | Bought the +0 cloak of Polish {rPois Regen+ rCorr Int+2}
                  | for 331 gold pieces
  7488 | D:10     | Entered Level 10 of the Dungeon
  7553 | D:10     | Found a portal to a secret trove of treasure.
  7827 | D:10     | Identified the +1 ring mail "Wiklap" {rPois Str+4}
  8692 | D:11     | Noticed a two-headed ogre
  8695 | D:11     | Killed a two-headed ogre
  9557 | D:12     | Found a staircase to the Orcish Mines.
  9667 | Orc:1    | Entered Level 1 of the Orcish Mines
  9667 | Orc:1    | Found Jeqecuv's Antique Weapon Emporium.
  9682 | Orc:1    | Noticed a cyclops
  9690 | Orc:1    | Killed a cyclops
  9691 | Orc:1    | Reached XP level 12. HP: 78/103 MP: 12/12
  9729 | Orc:1    | Found Helul's Weapon Shoppe.
  9842 | Orc:2    | Entered Level 2 of the Orcish Mines
 10072 | Orc:2    | Found a staircase to the Elven Halls.
 10105 | Orc:2    | Noticed an ogre mage
 10111 | Orc:2    | Killed an ogre mage
 10145 | Orc:2    | Found Yroydghuo's Antique Weapon Boutique.
 10215 | Orc:2    | Found Omniss's Antique Armour Shop.
 10229 | Orc:2    | Paralysed by an orc sorcerer for 3 turns
 10308 | Orc:2    | Bought a pair of shimmering gloves for 294 gold pieces
 10308 | Orc:2    | Identified the +0 pair of gloves "Xoud" {+Inv rElec rN+}
                  | (You bought it in a shop on level 2 of the Orcish Mines)
 10371 | Orc:2    | Found an ancient bone altar of Kikubaaqudgha.
 10403 | Orc:2    | Found Mugo's Distillery.
 10413 | Orc:2    | Noticed an ogre mage
 10420 | Orc:2    | Noticed an ogre mage
 10428 | Orc:2    | Killed an ogre mage
 10428 | Orc:2    | Noticed an ogre mage
 10430 | Orc:2    | Found a radiant altar of Vehumet.
 10434 | Orc:2    | Killed an ogre mage
 10443 | Orc:2    | Found Saar Jou's Jewellery Boutique.
 10448 | Orc:2    | Killed an ogre mage
 10507 | Orc:2    | Noticed an orc warlord
 10569 | Orc:2    | Killed an orc warlord
 10570 | Orc:2    | Reached XP level 13. HP: 70/112 MP: 13/13
 10633 | Orc:2    | Bought a potion of mutation for 96 gold pieces
 10633 | Orc:2    | Bought a potion of mutation for 96 gold pieces
 10633 | Orc:2    | Bought a potion of curing for 36 gold pieces
 10633 | Orc:2    | Bought a potion of curing for 36 gold pieces
 10633 | Orc:2    | Bought a potion of might for 48 gold pieces
 10667 | Orc:2    | Bought the amulet of Gybri {Will++ Regen+} for 765 gold
                  | pieces
 10929 | Orc:2    | Reached skill level 5 in Dodging
 11217 | Orc:1    | Found Zauriosh's Antique Weapon Shoppe.
 11453 | Lair:1   | Entered Level 1 of the Lair of Beasts
 11701 | Lair:1   | Reached skill level 10 in Dodging
 12690 | Orc:1    | Bought the +5 glaive of the Guard {elec, spectral} for 1590
                  | gold pieces
 12690 | Orc:1    | Found the +5 glaive of the Guard {elec, spectral}
 12877 | Lair:3   | Found a staircase to the Swamp.
 13036 | Lair:3   | Noticed Rupert
 13042 | Lair:3   | Killed Rupert
 13043 | Lair:3   | Reached XP level 14. HP: 120/120 MP: 14/14
 13189 | Lair:3   | Found a staircase to the Snake Pit.
 13641 | Lair:4   | Reached skill level 15 in Dodging
 13866 | Lair:4   | Found a dark tunnel.
 13919 | Volcano  | Entered a volcano
 13971 | Volcano  | Noticed a red draconian
 13975 | Volcano  | Killed a red draconian
 14256 | Lair:5   | Entered Level 5 of the Lair of Beasts
 14483 | Lair:4   | Found a viscous altar of Jiyva.
 14522 | Lair:4   | Found a staircase to the Slime Pits.
 14713 | Lair:5   | Reached XP level 15. HP: 117/126 MP: 15/15
 15631 | D:3      | Bought a scroll of acquirement for 1144 gold pieces
 15631 | D:3      | Bought a scroll of blinking for 165 gold pieces
 15688 | D:3      | Bought a scroll of blinking for 105 gold pieces
 15813 | D:10     | You paid a toll of 2 scrolls of acquirement to enter a
                  | treasure trove
 15814 | Trove    | Entered a treasure trove
 15910 | Trove    | Got the Almanac of the Crevasse
 15920 | Trove    | Got the Vademecum on Power
 16130 | Snake:1  | Entered Level 1 of the Snake Pit
 16258 | Snake:1  | Reached skill level 15 in Fighting
 16886 | Snake:1  | Bought the +6 scale mail of the Volcano {-Cast Regen+
                  | Str+5} for 890 gold pieces
 17392 | Snake:2  | Reached XP level 16. HP: 146/146 MP: 16/16
 17437 | Snake:2  | Found a glowing golden altar of the Shining One.
 18003 | Snake:2  | Noticed a nagaraja
 18009 | Snake:2  | Killed a nagaraja
 18110 | Snake:2  | You are sucked into a shaft and drop 1 floor!
 18188 | Snake:3  | Found Wodi's Magic Scroll Boutique.
 18256 | Snake:3  | Bought a scroll of blinking for 90 gold pieces
 18256 | Snake:3  | Bought a scroll of blinking for 90 gold pieces
 18320 | Snake:3  | Found a transporter.
 18335 | Snake:3  | Found a bloodstained altar of Trog.
 18361 | Snake:3  | Found a transporter.
 18381 | Snake:3  | Noticed Mlioglotl
 18386 | Snake:3  | Killed Mlioglotl
 18387 | Snake:3  | Noticed Totter's ghost (adept DrSh)
 19133 | Snake:4  | Entered Level 4 of the Snake Pit
 19293 | Snake:4  | Reached XP level 17. HP: 162/162 MP: 17/17
 19443 | Snake:4  | Found Cigh's Distillery.
 19445 | Snake:4  | Found Xontong's Assorted Antiques.
 19450 | Snake:4  | Found Vumalokk's Distillery.
 19469 | Snake:4  | Bought a potion of might for 80 gold pieces
 19469 | Snake:4  | Bought a potion of might for 80 gold pieces
 19469 | Snake:4  | Bought 2 potions of haste for 400 gold pieces
 19469 | Snake:4  | Bought a potion of heal wounds for 100 gold pieces
 19475 | Snake:4  | Bought a potion of heal wounds for 150 gold pieces
 19477 | Snake:4  | Bought a potion of lignification for 57 gold pieces
 19672 | Snake:4  | Identified the +8 flail of Caustic Fortitude {heavy, Fly
                  | rN+ rCorr Str+3}
 20061 | Snake:4  | Got a serpentine rune of Zot
 20463 | Swamp:1  | Entered Level 1 of the Swamp
 21118 | Swamp:2  | Reached XP level 18. HP: 166/175 MP: 18/18
 22385 | Swamp:4  | Entered Level 4 of the Swamp
 22479 | Swamp:4  | Found the +0 pair of fencer's gloves {Riposte Dex+3}
 22577 | Swamp:4  | Noticed a tentacled monstrosity
 22582 | Swamp:4  | Killed a tentacled monstrosity
 22796 | Swamp:4  | Noticed the 27-headed Lernaean hydra
 22801 | Swamp:4  | Killed the 27-headed Lernaean hydra
 22896 | Swamp:4  | Got a decaying rune of Zot
 23330 | Elf:1    | Entered Level 1 of the Elven Halls
 23474 | Elf:1    | Reached XP level 19. HP: 182/182 MP: 19/19
 23637 | Elf:2    | Paralysed by an air elemental for 1 turns
 23673 | Elf:3    | Entered Level 3 of the Elven Halls
 23847 | Elf:3    | Identified the serpent talisman "Zeqi" {*Slow rN+ Int+4}
 23847 | Elf:3    | Noticed Aizul
 23850 | Elf:3    | Killed Aizul
 24095 | Elf:3    | Identified the ring "Anum" {Contam rF+ rC+ Int+3}
 24098 | Elf:3    | Identified the +9 trident of Big Damage {heavy, rPois
                  | Will++}
 24116 | Elf:3    | Identified the orb of the Bard {*channel, rElec rF+ rC+}
 24192 | Elf:3    | Identified the +4 orcbow of Dried Tears {freeze, rCorr
                  | Dex+3 SInv}
 24208 | Elf:3    | Identified the +7 trident of Xugi Arch {freeze, Fly rF+
                  | Int-4 Dex+3}
 24214 | Elf:3    | Got Ycriq's Collected Works on the Mesa
 24215 | Elf:3    | Identified the +9 halberd "Wuquesm" {freeze, Int+5 SInv}
 24219 | Elf:3    | Identified the +3 sling of the Valley {flame, Fly rPois
                  | rCorr Stlth-}
 24225 | Elf:3    | Got the Teachings on the Leaden Swarm
 24284 | Elf:3    | Identified the +2 flail "Jecidgho" {pain, rElec rF+ Dex+4
                  | Stlth+}
 24315 | Elf:3    | Identified the +0 plate armour "Far Mepp" {+Inv Will-
                  | Regen+ Int-5}
 24579 | D:13     | Found Yciubrio's Vocational Training.
 24603 | D:13     | Noticed Jorgrun
 24610 | D:13     | Killed Jorgrun
 24617 | D:13     | Noticed Snorg
 24625 | D:13     | Killed Snorg
 24725 | D:13     | Noticed Erolcha
 24729 | D:13     | Killed Erolcha
 24890 | D:13     | Noticed Frances
 24895 | D:13     | Killed Frances
 24907 | D:13     | Identified the +1 robe "Zeamug" {+Blink rN+}
 25082 | D:14     | Noticed Agnes
 25086 | D:14     | Killed Agnes
 25087 | D:14     | Reached skill level 27 in Dodging
 25167 | D:14     | Found a gate to the Vaults.
 25236 | D:14     | Bought a bloodstained chain mail for 228 gold pieces
 25236 | D:14     | Identified the +5 chain mail of Vexation {Will- Str+4} (You
                  | bought it in a shop on level 14 of the Dungeon)
 25244 | Vaults:1 | Entered Level 1 of the Vaults
 25487 | Vaults:1 | Found Osowyis's Assorted Antiques.
 25503 | Vaults:1 | Found Maydircho's Antique Weapon Emporium.
 25517 | Vaults:1 | Found Junwok's Magic Scroll Shoppe.
 25526 | Vaults:1 | Bought a scroll of fear for 72 gold pieces
 25526 | Vaults:1 | Bought a scroll of immolation for 72 gold pieces
 25571 | Vaults:1 | Found Usempot's Assorted Antiques.
 25584 | Vaults:1 | Bought an agate ring for 190 gold pieces
 25841 | Vaults:1 | Identified the +0 whip of Anlabysh {elec, Fly rN+ Will-
                  | Dex+9}
 25842 | Vaults:1 | Identified the staff of Melee {rC+ Will+++ rCorr Dex-2 Ice}
 25874 | Vaults:1 | Identified the +7 mace "Nushyses" {drain, Fragile rElec
                  | rPois Dex+5}
 25895 | Vaults:1 | Identified the +3 leather armour of Starshine {rElec rPois
                  | rF+}
 25896 | Vaults:1 | Noticed Donald
 25912 | Vaults:1 | Killed Donald
 26152 | Vaults:1 | Found Nifil's Book Boutique.
 26161 | Vaults:1 | Reached XP level 20. HP: 158/192 MP: 20/20
 26739 | Vaults:2 | Found Hohong's Distillery.
 26747 | Vaults:2 | Bought a potion of heal wounds for 50 gold pieces
 26747 | Vaults:2 | Bought a potion of heal wounds for 50 gold pieces
 26747 | Vaults:2 | Bought a potion of might for 40 gold pieces
 26747 | Vaults:2 | Bought a potion of might for 40 gold pieces
 27126 | Vaults:2 | Found a staircase to the Crypt.
 27751 | Vaults:3 | Found Renu's Antique Weapon Emporium.
 28191 | Vaults:3 | Found a magical portal.
 28705 | Vaults:4 | Reached XP level 21. HP: 124/202 MP: 21/21
 28992 | Vaults:4 | Found a flickering gateway to a bazaar.
 29000 | Bazaar   | Entered a bazaar
 29014 | Bazaar   | Found Umosargh's Jewellery Shoppe.
 29030 | Bazaar   | Found Qerugiar's Distillery.
 29035 | Bazaar   | Bought a potion of heal wounds for 50 gold pieces
 29035 | Bazaar   | Bought a potion of cancellation for 80 gold pieces
 29035 | Bazaar   | Bought a potion of berserk rage for 50 gold pieces
 29046 | Bazaar   | Found Ranys Etho's Weapon Shoppe.
 29171 | Vaults:4 | Acquired 482 gold pieces
 29854 | Vaults:5 | Entered Level 5 of the Vaults
 29868 | Vaults:5 | Reached skill level 27 in Fighting
 29986 | Vaults:5 | Noticed a golden dragon
 29993 | Vaults:5 | Killed a golden dragon
 30062 | Vaults:5 | Reached skill level 27 in Polearms
 30208 | Vaults:5 | Noticed a dread lich
 30222 | Vaults:5 | Killed a dread lich
 30239 | Vaults:5 | Reached skill level 5 in Armour
 30323 | Vaults:5 | Identified the +0 leather armour "Cyeduipp" {rN++ Str+2
                  | Stlth-}
 30358 | Vaults:5 | Reached XP level 22. HP: 177/212 MP: 22/22
 30481 | Vaults:5 | Identified the +1 leather armour of Duigud {Regen+}
 30504 | Vaults:5 | Identified the staff of the Weasel {rElec Will+ Dex+4
                  | Earth}
 30608 | Vaults:5 | Noticed a golden dragon
 30616 | Vaults:5 | Noticed a golden dragon
 30640 | Vaults:5 | Killed a golden dragon
 30643 | Vaults:5 | Killed a golden dragon
 30821 | Vaults:5 | Found the brooch of Shielding {Spirit SH+8}
 30829 | Vaults:5 | Identified the +2 eveningstar of Ihukk {venom, rElec rF++
                  | rN++}
 30853 | Vaults:5 | Identified the +2 orcbow of Xukix {elec, rPois rN+ Int+3
                  | Dex+2}
 30962 | Vaults:5 | Got a silver rune of Zot
 31214 | Vaults:5 | Found the +10 dark maul {heavy}
 31236 | Vaults:5 | Got Atog's Vellum of the Transforming Storm
 31254 | Vaults:5 | Identified the +5 scimitar of Nemokad {vamp, Int+5}
 31263 | Vaults:5 | Got Quniol Fiopn's Annotations on the Shot
 31730 | D:14     | Found a white marble altar of Elyvilon.
 31730 | D:14     | Found a glowing silver altar of Zin.
 31731 | D:14     | Found a glowing golden altar of the Shining One.
 32217 | D:15     | Entered Level 15 of the Dungeon
 32269 | D:15     | Bought a scroll of revelation for 105 gold pieces
 32269 | D:15     | Bought a scroll of blinking for 105 gold pieces
 32269 | D:15     | Bought a scroll of acquirement for 728 gold pieces
 32269 | D:15     | Bought a scroll of poison for 56 gold pieces
 32269 | D:15     | Bought a scroll of fog for 56 gold pieces
 32273 | D:15     | Acquired a ring of protection from cold
 32292 | D:15     | Found Upiah's Armour Shoppe.
 32317 | D:15     | Bought a scroll of immolation for 76 gold pieces
 32317 | D:15     | Bought a scroll of revelation for 142 gold pieces
 32493 | D:15     | Identified the +4 flail of the Slashing Puffin {drain, rF+
                  | Stlth+}
 32592 | D:15     | Found a staircase to the Depths.
 32600 | Depths:1 | Entered Level 1 of the Depths
 32647 | Depths:1 | Reached skill level 10 in Armour
 32760 | Depths:1 | Found Ameamaos's Specific Store.
 32764 | Depths:1 | Found Pesi's General Store.
 32842 | Depths:1 | Found a one-way gateway to a ziggurat.
 32852 | Zig:1    | Entered Level 1 of a ziggurat
 32869 | Zig:2    | Entered Level 2 of a ziggurat
 32903 | Zig:3    | Entered Level 3 of a ziggurat
 32941 | Zig:4    | Entered Level 4 of a ziggurat
 33081 | Zig:4    | Identified the +0 rapier of the Freezing God {protect,
                  | rPois Str+3}
 33090 | Zig:5    | Entered Level 5 of a ziggurat
 33134 | Zig:5    | Identified the +1 mace of Turmoil {protect, Drain Str+4}
 33138 | Zig:6    | Entered Level 6 of a ziggurat
 33471 | Depths:3 | Reached XP level 23. HP: 198/219 MP: 20/23
 33622 | Depths:4 | Entered Level 4 of the Depths
 33622 | Depths:4 | Noticed a golden dragon
 33622 | Depths:4 | Noticed a golden dragon
 33641 | Depths:4 | Found Meatugue's Antique Armour Shop.
 33692 | Depths:4 | Killed a golden dragon
 33806 | Depths:4 | Bought a slimy plate armour for 952 gold pieces
 33806 | Depths:4 | Identified the +1 plate armour "Cigakoh" {Will++ Dex+3}
                  | (You bought it in a shop on level 4 of the Depths)
 33894 | Depths:4 | Killed a golden dragon
 34055 | Depths:4 | Found a gate to the Realm of Zot.
 34064 | Zot:1    | Entered Level 1 of the Realm of Zot
 34380 | Zot:5    | Entered Level 5 of the Realm of Zot
 34715 | Zot:5    | Noticed an ancient lich
 34728 | Zot:5    | Noticed an orb of fire
 34739 | Zot:5    | Noticed an orb of fire
 34740 | Zot:5    | Noticed an orb of fire
 34740 | Zot:5    | Noticed an ancient lich
 34740 | Zot:5    | Noticed an ancient lich
 34774 | Zot:5    | Killed an ancient lich
 34785 | Zot:5    | Killed an orb of fire
 34792 | Zot:5    | Gained mutation: You are very dopey. (Int -4) [an orb of
                  | fire]
 34796 | Zot:5    | Killed an orb of fire
 34801 | Zot:5    | Reached skill level 15 in Armour
 34803 | Zot:5    | Killed an ancient lich
 34804 | Zot:5    | Reached XP level 24. HP: 134/227 MP: 2/23
 34806 | Zot:5    | Gained mutation: You have hidden genetic defects. [an orb
                  | of fire]
 34816 | Zot:5    | Killed an orb of fire
 34821 | Zot:5    | Killed an ancient lich
 34833 | Zot:5    | Noticed an orb of fire
 34856 | Zot:5    | Killed an orb of fire
 34877 | Zot:5    | Noticed a Killer Klown
 34882 | Zot:5    | Killed a Killer Klown
 34987 | Zot:5    | Noticed an orb of fire
 34988 | Zot:5    | Found the +4 dragonskin cloak
 34988 | Zot:5    | Noticed Tiamat
 35000 | Zot:5    | Noticed a curse toe
 35008 | Zot:5    | Killed a curse toe
 35042 | Zot:5    | Gained mutation: You occasionally lose the ability to read
                  | scrolls when taking damage. [hidden defects]
 35079 | Zot:5    | Got the Orb of Zot
 35092 | Zot:5    | Noticed a Killer Klown
 35092 | Zot:5    | Noticed a Killer Klown
 35092 | Zot:5    | Noticed a Killer Klown
 35097 | Zot:5    | Killed a Killer Klown
 35099 | Zot:5    | Killed a Killer Klown
 35561 | D:$      | Escaped with the Orb!

Illustrated notes

Levels and vault maps discovered:
D:1:      mrwooster_arrival_statue, layout_basic, serial_shops,
          nicolae_shop_real_fake_doors, minmay_splitting_lines,
          nicolae_kite_square_tiling_tiny, minmay_strange_pillars
D:2:      layout_basic, ebering_ecumenical_altar_box, kennysheep_flooded_box
D:3:      layout_basic, serial_shops, nicolae_shop_bloodbath_and_beyond,
          nicolae_diamond_shop, nicolae_shop_trees, uniq_sigmund
D:4:      layout_basic, portal_sewer_entry_d, abandoned_shop
D:5:      layout_rooms, lemuel_flamethrower_2
D:6:      layout_basic, minmay_temple_entry_mist, minmay_crystal_water,
          nicolae_shop_i_like_small_books_too, kennysheep_generic_room_10
D:7:      layout_loops_ring, mainiacjoe_overflow_cross_hatched,
          mainiacjoe_overflow_six_doors_small, grunt_qazlal_clouds,
          enter_bailey_2, uniq_pikel, uniq_maggie
D:8:      layout_gridville
D:9:      layout_roguey, general_overflow_altar, minmay_lair_entry_grove,
          nicolae_shop_sticking_my_neck_out, uniq_psyche
D:10:     layout_loops_corners, nicolae_trove_entry_crossroad, nrook_uturn
D:11:     layout_roguey, minivault_14
D:12:     lemuel_ice_spiral_2, layout_basic, minmay_orc_entry_temple_small
D:13:     layout_long_grid, nicolae_shop_vocational, uniq_frances, uniq_snorg,
          uniq_erolcha, uniq_jorgrun
D:14:     layout_layer_cave, david_vaults_2, good_gods_temple_1, uniq_agnes
D:15:     grunt_enter_depths_snipers, layout_gridville, serial_shops, shop,
          minmay_misc_feat_plants
Temple:   mainiacjoe_temple_bowtie_tessellation
Lair:1:   layout_cave_pods, grunt_megastairs_3
Lair:2:   layout_roguey, grunt_megastairs_4
Lair:3:   layout_roguey, swamp_mist, alex1729_snake_entry_snake,
          lemuel_fruit_fields, uniq_rupert
Lair:4:   layout_regular_city, slime_entry_2, enter_volcano_1,
          beast_lair_carwin_11
Lair:5:   evilmike_catoblepas_cave, layout_gridlike, kennysheep_rathole,
          grunt_megastairs_1
Swamp:1:  layout_basic_swamp, hangedman_swamp_pad, swamp_pool_5,
          nicolae_swamp_tree_isthmus, infiniplex_staircase_pool
Swamp:2:  nicolae_swamp_flooded_prison, layout_basic_swamp,
          hangedman_swamp_ruin_wall, swamp_pool_1_2, nicolae_swamp_spooky_pond
Swamp:3:  layout_basic_swamp, nicolae_swamp_ascending_descending
Swamp:4:  swamp_old_school, layout_basic_swamp
Snake:1:  layout_gridlike, serial_bayou_lake_a
Snake:2:  layout_layer_cave, serial_library,
          serial_library_regret_index_turning, serial_library_hellmonk_room_b,
          serial_library_regret_index_small_wings,
          serial_library_hellmonk_h_bend, serial_library_hellmonk_u_bend,
          basic_altar, serial_bayou_pond_a, nicolae_snake_flat_spine
Snake:3:  layout_layer_cave, serial_shops, shop,
          gammafunk_ghost_wrathful_warriors, grunt_megastairs_5, uniq_mlioglotl
Snake:4:  snake_pit_salamanders_mu, layout_onion_interference, drop_trap,
          grunt_megastairs_2, minmay_shop_star
Orc:1:    layout_caves, portal_ice_cave_demonic_guard, serial_shops, shop,
          nicolae_shop_tiny_waterfront, shop
Orc:2:    kennysheep_orc_mage_school, layout_caves, elves_outpost_lemuel
Elf:1:    layout_rooms, serial_shops, shop, minivault_28,
          hangedman_decor_cross_pass
Elf:2:    elven_hall_of_blades_hangedman_alternative [grunt_blade_entry_basic],
          layout_gridlike, nicolae_concentric_dashed_squares_mild,
          grunt_ministairs_4
Elf:3:    minmay_elf_hall_spiked, layout_geoelf_octagon, uniq_aizul
Vaults:1: nicolae_vaults_ninety_degrees, nicolae_vaults_house_1,
          nicolae_vaults_theta, v_misc_25, vaults_room_hallway,
          vaults_dpeg_encased_lava, nicolae_vaults_storing_the_good_stuff,
          nicolae_vaults_sightless_eye, hangedman_vaults_snaps,
          ontoclasm_vaults_fault, nicolae_vaults_more_shelving_2,
          nicolae_vaults_trapezoid_1, v_misc_14, v_misc_10,
          nicolae_vaults_apartment_2, ontoclasm_vaults_chip,
          nicolae_vaults_tetromino_T_1, layout_vaults_ring, serial_shops, shop,
          shop, shop_statue, shop, nicolae_shop_crystal, uniq_donald
Vaults:2: vaults_room_boxed, nicolae_vaults_specimen_jars,
          nicolae_vaults_apartment_1, nicolae_vaults_tetromino_Z_1,
          nicolae_vaults_mini_display_case, nicolae_vaults_tetromino_Z_2,
          layout_vaults_quadrants, minmay_crypt_entry_simple_box, serial_shops,
          shop
Vaults:3: mu_enter_wizlab_6, vaults_mumra_chevron_long, v_misc_5, v_pattern_1,
          nicolae_vaults_stairing_the_circle, v_rooms_3,
          nicolae_vaults_sesquioval_fish, ontoclasm_vaults_eye,
          nicolae_vaults_offset_grid_hallway_1, nicolae_vaults_little_squares_2,
          nicolae_vaults_asterisk, layout_vaults_omnibox, serial_shops, shop
Vaults:4: nicolae_vaults_meiosis, vaults_standard_mumra_enter_the_diamond,
          nicolae_vaults_minivaults, ontoclasm_vaults_ring_small,
          nicolae_vaults_little_squares_6, v_misc_18, ontoclasm_vaults_spin,
          nicolae_vaults_tetromino_T_1, ontoclasm_vaults_loading_screen,
          ontoclasm_vaults_twist, hangedman_vaults_slice,
          hangedman_vaults_nails, ontoclasm_vaults_shuriken, vaults_dpeg_ring,
          layout_vaults_big_cross, serial_shops, bzr_entry_dummy, uniq_margery
Vaults:5: serial_shops
Depths:1: layout_cave_shapes, enter_ziggurat_b, grunt_mini_vestibule,
          minmay_misc_feat_pillars, nicolae_specific_store,
          minmay_misc_feat_room, minmay_librarian
Depths:2: minmay_the_grid_square_5x5_5x5 [minmay_the_grid_square_5x5_n,
          minmay_the_grid_square_5x5_two_walls_a,
          minmay_the_grid_square_5x5_fancy_junction,
          minmay_the_grid_square_5x5_bite,
          minmay_the_grid_square_5x5_half_checkered,
          minmay_the_grid_square_5x5_shrine1,
          minmay_the_grid_square_5x5_prize_monsterx,
          minmay_the_grid_square_5x5_fat_x,
          minmay_the_grid_square_5x5_prize_deathbox,
          minmay_the_grid_square_5x5_bridge,
          minmay_the_grid_square_5x5_shuriken, minmay_the_grid_square_5x5_plus,
          minmay_the_grid_square_5x5_prize_pseudospiral,
          minmay_the_grid_square_5x5_comb, minmay_the_grid_square_5x5_inner_i,
          minmay_the_grid_square_5x5_two, minmay_the_grid_square_5x5_prize_junk,
          minmay_the_grid_square_5x5_lines,
          minmay_the_grid_square_5x5_prize_waves,
          minmay_the_grid_square_5x5_inset,
          minmay_the_grid_square_5x5_intrusive_squares,
          minmay_the_grid_square_5x5_misaligned,
          minmay_the_grid_square_5x5_corner,
          minmay_the_grid_square_5x5_tri_point,
          minmay_the_grid_square_5x5_spiral_small], layout_honeycomb,
          grunt_pan_entry_sceptre, serial_shops,
          nicolae_shop_competitors_out_of_business, hell_entry,
          worldfamousw_hep_ancestral_shrine, infiniplex_staircase_zigzag_3
Depths:3: evilmike_halls_of_destruction, layout_cave_shapes,
          abyss_entry_flame_altar, hell_entry, pan_entry, cheibriados_altar_1
Depths:4: evilmike_zot_entry_diamond, layout_honeycomb,
          nicolae_figureground_sparkle, serial_shops,
          nicolae_shop_overgrown_old_shop, pf_coc_iceberg
Zot:1:    kennysheep_blocky_room, layout_basic,
          regret_index_zotdec_silver_v_v_loose
Zot:2:    layout_misc_corridors, regret_index_zotdec_twisting_globes
Zot:3:    kennysheep_ambush_hall, layout_misc_corridors, st_stairs_7
Zot:4:    layout_misc_corridors, regret_index_zotdec_zees
Zot:5:    layout_misc_corridors, uniq_tiamat

Skill      XL: |  1  2  3  4  5  6  7  8  9 10 11 12 13 14 15 16 17 18 19 20 21 22 23 24 |
---------------+-------------------------------------------------------------------------+-----
Polearms       | 3 4 5 7 8 10 12 14 17 19 21 23 25 27 | 27.0
Fighting       | 4 5 6 7 9 11 12 13 14 19 22 24 25 26 27 | 27.0
Dodging        | 13 18 20 21 25 27 | 27.0
Armour         | 5 11 15 16 | 16.3
Shields        | |  3.0

Action                     |  1- 3 |  4- 6 |  7- 9 | 10-12 | 13-15 | 16-18 | 19-21 | 22-24 || total
---------------------------+-------+-------+-------+-------+-------+-------+-------+-------++-------
  Melee: Trident           |    99 |    58 |       |       |       |       |       |       ||   157
         Halberd           |       |    38 |   183 |   458 |   191 |       |       |       ||   870
         Tailslap          |       |     1 |     3 |       |       |       |       |       ||     4
         Glaive            |       |       |       |       |   390 |   664 |   801 |   705 ||  2560
 Invoke: Call Merchant     |       |       |       |       |     1 |     1 |     1 |     4 ||     7
         Bribe Branch      |       |       |       |       |       |       |     1 |     1 ||     2
         Potion Petition   |       |       |       |       |       |       |       |     1 ||     1
  Evoke: Wand              |       |       |    14 |       |       |       |       |     9 ||    23
         Lightning rod     |       |       |       |     2 |     4 |       |       |       ||     6
         Phantom mirror    |       |       |       |     1 |       |     1 |     1 |       ||     3
    Use: Scroll            |       |     3 |     1 |    21 |     6 |     4 |     6 |    16 ||    57
         Potion            |       |     1 |     4 |     3 |     1 |       |     9 |    25 ||    43
   Stab: Sleeping          |       |       |       |     7 |     7 |       |       |       ||    14
         Distracted        |       |       |       |     2 |    11 |    22 |    23 |    15 ||    73
         Invisible         |       |       |       |       |     5 |       |     4 |       ||     9
         Betrayed ally     |       |       |       |       |       |       |     1 |       ||     1
 Armour: Scale mail        |    35 |    34 |   133 |       |    21 |   346 |   282 |   347 ||  1198
         Acid dragon scale |       |       |       |   334 |   228 |       |       |       ||   562
  Dodge: Dodged            |    20 |    30 |    51 |   157 |   285 |   304 |   300 |   378 ||  1525
  Block: Buckler           |    22 |    20 |       |       |       |       |       |       ||    42
         Other             |       |     9 |    23 |    67 |       |       |       |   105 ||   204
         Reflection        |       |     3 |       |    15 |       |       |       |       ||    18

Table legend: (Time is in decaauts)
 A = Elapsed time spent in this place.
 B = Non-inter-level travel time spent in this place.
 C = Inter-level travel time spent in this place.
 D = Time resting spent in this place.
 E = Time spent auto-exploring this place.
 F = Levels seen in this place.
 G = Mean time per level.
                   A        B        C        D        E       F      G
               +--------+--------+--------+--------+--------+-----+--------+
         Total |  34422 |  30093 |   4329 |    520 |  22657 |  59 |  583.4 |
       Dungeon |  11677 |   9663 |   2014 |    131 |   7777 |  15 |  778.5 |
        Temple |      1 |      1 |      0 |      0 |      0 |   1 |    1.0 |
          Lair |   3769 |   3335 |    434 |      2 |   2645 |   5 |  753.8 |
         Swamp |   2274 |   2153 |    121 |      0 |   1648 |   4 |  568.5 |
     Snake Pit |   4112 |   3934 |    178 |     44 |   3067 |   4 | 1028.0 |
  Orcish Mines |   1811 |   1641 |    170 |     83 |   1001 |   2 |  905.5 |
   Elven Halls |   1114 |    815 |    299 |      0 |    575 |   3 |  371.3 |
        Vaults |   5881 |   5297 |    584 |     31 |   4162 |   5 | 1176.2 |
        Depths |   1141 |    827 |    314 |      0 |    493 |   4 |  285.2 |
           Zot |   1015 |    804 |    211 |    221 |    216 |   5 |  203.0 |
      Ziggurat |    295 |    295 |      0 |      0 |    193 |   6 |   49.2 |
        Bazaar |     76 |     76 |      0 |      0 |     66 |   1 |   76.0 |
         Trove |    191 |    191 |      0 |      0 |    110 |   1 |  191.0 |
         Sewer |    243 |    243 |      0 |      0 |    154 |   1 |  243.0 |
        Bailey |    656 |    656 |      0 |      7 |    418 |   1 |  656.0 |
       Volcano |    159 |    159 |      0 |      0 |    129 |   1 |  159.0 |
               +--------+--------+--------+--------+--------+-----+--------+

Top non-repeatable levels by time:
Vaults:5: 1350 daAuts
Vaults:4: 1196 daAuts
 Snake:2: 1169 daAuts
Vaults:1: 1119 daAuts
 Snake:4: 1113 daAuts
   Orc:2: 1113 daAuts
Vaults:3: 1111 daAuts
Vaults:2: 1104 daAuts
    D:10: 1072 daAuts
 Snake:3: 1062 daAuts
     D:5: 1050 daAuts
  Lair:5: 1031 daAuts
  Lair:1: 956 daAuts
     D:9: 941 daAuts
     D:7: 937 daAuts
